amy, neutral female human Ranger --- ------------------ --- |.|---|................| --------|.-- |.|...|................| |...|...|..| |.|..(-..- -.........| |...|...|..-- - | |.|...|..| | -----..| --|---|--...| ---..-- |.-----..| ---|...|..--+---+-.........|. ---......| ---- |........| |..|(([-.............-----..- -........- |..| |........|---|.)|((.|...%..--+-...|...|..| ----......>..- --- ---..| |.----...|.((||------[.%...|..|...-...|..| --........ |.. ---...----|.| +...|((.|.............(......|...|..| |.....- |..-- |....--|..|.| |...|...|-|-.....---|--..-)-------.-| |-...-- |...-- --...---....----...--|-|..|..-|-|..........(.......| |....| |....--- --...|.......|........|..|..|..|----....--.------.|---...| |......| |...........|..#.....----..|..|.%.-..).|...u..||.--.....-- |....-.--- |-..........|-....{........|..|...|....-...d@@||.........---- -.......---...........--..|....#.....--------....|......||............-- --.<.--..|..----..........|-.....................|---------............-- | |..-||...................|----------------------- |...............| |...|------------.......-- |...------...---- --.-- --------- |..-- -.-- --- ---- -- amy the Trailblazer Experience level: 7 Strength: 15 Dexterity: 12 Constitution: 17 Intelligence: 14 Wisdom: 14 Charisma: 8 Health: 0(56) Energy: 38(38) Def: 18 Gold: 1315 Moves: 9204 Dungeon seed: VQkWqOxJzojwkSZp Game ID: amy_1467427618 Your Inventory: Coins $ - 1315 gold pieces Weapons a - an uncursed +1 dagger c - 51 uncursed +2 arrows d - 21 blessed +0 arrows (in quiver) h - 209 uncursed +0 arrows w - a blessed +2 bow (weapon in hand) Armor e - an uncursed +2 cloak of displacement (being worn) n - an uncursed +0 pair of gauntlets of dexterity (being worn) s - a blessed +2 gray dragon scale mail (being worn) y - an uncursed +0 dwarvish iron helm (being worn) Y - an uncursed +0 pair of elven boots (being worn) Comestibles l - 2 uncursed fortune cookies r - an uncursed egg t - 2 uncursed pancakes E - an uncursed tin of coyote meat T - an uncursed apple V - 7 uncursed food rations Scrolls K - 3 uncursed scrolls of blank paper Potions O - an uncursed potion of water Q - an uncursed potion of monster detection named ok Rings q - an uncursed ring of fire resistance named ok (on left hand) F - an uncursed ring of conflict (on right hand) G - a cursed -1 ring of increase accuracy J - an uncursed ring of invisibility S - an uncursed ring of slow digestion Z - an uncursed ring of polymorph control Wands f - an uncursed wand of nothing (0:5) g - an uncursed wand of slow monster (0:3) C - an uncursed wand of enlightenment (0:2) I - an uncursed wand of light (0:10) M - an uncursed wand of striking (0:2) N - an uncursed wand of striking (0:4) P - an uncursed wand of create monster (0:10) R - an uncursed wand of cold (0:5) W - an uncursed wand of light (0:14) Tools b - an uncursed sack named ok i - 4 uncursed tallow candles (0:200) j - an uncursed blindfold k - an uncursed skeleton key m - an uncursed magic whistle o - an uncursed oil lamp (0:1205) X - a blessed oil lamp (0:1427) Contents of the sack named ok: an uncursed scroll of earth a blessed scroll of enchant armor a blessed scroll of enchant weapon an uncursed scroll of light an uncursed scroll of magic mapping a blessed scroll of remove curse 2 uncursed scrolls of scare monster an uncursed potion of blindness an uncursed potion of confusion an uncursed potion of gain energy an uncursed potion of hallucination an uncursed potion of invisibility a blessed potion of monster detection a blessed potion of object detection an uncursed potion of restore ability an uncursed potion of sleeping a blessed potion of speed a potion of unholy water an uncursed +2 ring of gain constitution a cursed ring of polymorph control an uncursed ring of teleport control Spells and supernatural/magical abilities: Name Level Category Fail Memory W - pray for help -- divine ? -- Your skills at the end: Miscellaneous Skills wands [Basic] Weapon Skills dagger [Basic] bow [Expert] Spellcasting Skills Final Attributes: You were fervently aligned. You were fire resistant. You were magic-protected. You were telepathic. You had automatic searching. You were displaced. You were stealthy. You caused conflict. You were fast. You are dead. Vanquished creatures: 2 giant mimics a large mimic 3 small mimics a leprechaun a dwarf mummy a housecat a blue jelly a snake 3 human zombies a fire ant 2 imps 2 rock moles 2 rock piercers a pony a fog cloud 3 yellow lights 3 shriekers 2 violet fungi 12 gnome lords 3 gnomish wizards a kobold mummy a red naga hatchling 3 black naga hatchlings a guardian naga hatchling 2 gray oozes an elf zombie a ghoul 2 straw golems a paper golem 3 giant ants a floating eye a kitten 10 dwarves 2 homunculi 2 kobold lords a kobold shaman 3 iguanas 4 hill orcs 4 rothes 2 rabid rats a centipede a giant bat 2 dwarf zombies a wererat 2 killer bees 3 coyotes 4 hobbits an acid blob 5 geckos 5 giant rats 3 cave spiders a green mold 2 red molds 36 gnomes 8 garter snakes 3 manes 2 gnome zombies 16 jackals 6 foxes 3 kobolds 9 newts 7 goblins 7 sewer rats 15 grid bugs 4 lichens 2 kobold zombies 241 creatures vanquished. Genocided species: chameleons 1 species genocided. Voluntary challenges: You had been an atheist until turn 2783. You used a wielded weapon 59 times, starting on turn 117. You did not apply a unicorn horn. You read items or engraved 7 times, starting on turn 561. You genocided 1 type of monster, starting on turn 592. You never polymorphed an object. You never changed form. You cheated 6 times but completed Sokoban on turn 8045. You used 1 wish, starting on turn 2798. You did not wish for any artifacts. You never split a pudding. You never wrote Elbereth's name. You violated your moral code, losing 5 points of alignment, starting on turn 3740. Dungeon overview: The Dungeons of Doom: levels 1 to 6 Level 1 a fountain a long staircase Level 2 a general store, some fountains Level 3 Level 4 an armor shop, a sink stairs to The Gnomish Mines Level 5 many fountains Level 6 stairs to Sokoban The Gnomish Mines: levels 5 to 8 Level 5 stairs to The Dungeons of Doom Level 6 Level 7 Level 8 <- You were here some shops, a temple to Mercury, a magic chest, some fountains, some trees Sokoban: levels 2 to 5 Level 2 a magic chest Level 3 Level 4 Level 5 a magic chest stairs to The Dungeons of Doom History has recorded: On T:1 you entered the Dungeons of Doom to retrieve the Amulet of Yendor! On T:171 you reached level 2 of The Dungeons of Doom. On T:888 you reached level 3 of The Dungeons of Doom. On T:1051 you advanced to experience level 2. On T:1351 you reached level 4 of The Dungeons of Doom. On T:1598 you reached level 1 of The Gnomish Mines. On T:1619 you advanced to experience level 3. On T:1658 you advanced to experience level 4. On T:1933 you advanced to experience level 5. On T:2068 you reached level 2 of The Gnomish Mines. On T:2464 you reached level 3 of The Gnomish Mines. On T:2682 you reached level 4 of The Gnomish Mines. On T:2778 you entered the Minetown temple On T:2798 you wished for "blessed +2 grey dragon scale mail". On T:2807 you opened a magic chest. On T:2807 you opened a magic chest. On T:2823 you advanced to experience level 6. On T:2843 you opened a magic chest. On T:2866 you opened a magic chest. On T:3055 you opened a magic chest. On T:3672 you reached level 5 of The Dungeons of Doom. On T:3905 you reached level 6 of The Dungeons of Doom. On T:3970 you reached level 4 of Sokoban. On T:3989 you opened a magic chest. On T:4084 you opened a magic chest. On T:4275 you reached level 3 of Sokoban. On T:4794 you advanced to experience level 7. On T:5260 you opened a magic chest. On T:5260 you opened a magic chest. On T:5443 you opened a magic chest. On T:5449 you opened a magic chest. On T:5529 you reached level 2 of Sokoban. On T:6390 you reached level 1 of Sokoban. On T:7079 you opened a magic chest. On T:7079 you opened a magic chest. On T:7083 you opened a magic chest. On T:7084 you opened a magic chest. On T:7085 you opened a magic chest. On T:7085 you opened a magic chest. On T:8045 you entered the Sokoban zoo. On T:8145 you opened a magic chest. On T:9193 you opened a magic chest. On T:9193 you opened a magic chest. On T:9193 you opened a magic chest. Score breakdown: Gold: 1315 ( 131 points) Experience: 7 levels ( 600 points) Exploration: 8 levels ( 210 points) Discoveries: 18 items ( 900 points) Variety of kills: 66 monsters ( 2000 points) Major goal: finished Sokoban ( 1000 points) Survival: died (score multiplied by 3) Total score: 14523 Latest messages: The pony misses. The pony bites! ó&A misses the pony. You take off your ivory ring. The pony devours an uncursed apple. Never mind. You are now wearing an ivory ring. ó&A bites! ó&A misses. The pony kicks! The pony bites! The pony misses. The pony bites! ó&A picks up a pair of hard shoes. Your displaced image doesn't fool the priestess of Mercury! The priestess of Mercury swings her mace. The priestess of Mercury hits you! The priestess of Mercury kicks! The air crackles around the priestess of Mercury. The priestess of Mercury swings her mace. The priestess of Mercury hits you! You die... Final status: Goodbye amy the Ranger, killed by a priestess of Mercury... You died in The Gnomish Mines on dungeon level 8 with 14523 points, and 1315 pieces of gold, after 9204 moves. You were level 7 with a maximum of 56 hit points when you died.